 Dungeon Crawl Stone Soup version 0.25.1-11-g244df3a29b (webtiles) character file.

Game seed: 3043168044159656309

39725 tkbsonic5 the Demolition Human (level 14, -23/109 HPs)
             Began as a Human Wanderer on Dec 4, 2022.
             Was an Elder of Makhleb.
             Killed from afar by Azrael (31 damage)
             ... with damnation
             ... on level 13 of the Dungeon on Dec 18, 2022.
             The game lasted 01:43:07 (23589 turns).

tkbsonic5 the Demolition Human (Human Wanderer)    Turns: 23589, Time: 01:43:08

Health: -23/109    AC: 24    Str: 24    XL:     14   Next: 41%
Magic:  0/21       EV:  8    Int:  9    God:    Makhleb [****..]
Gold:   1128       SH: 11    Dex: 17    Spells: 17/17 levels left

rFire    + . .     SeeInvis .   I - +2 flail (elec)
rCold    . . .     Gourm    .   w - +0 kite shield
rNeg     . . .     Faith    .   y - +5 plate armour {MR+}
rPois    +         Spirit   +   (helmet restricted)
rElec    .         Reflect  .   t - +2 cloak {rPois}
rCorr    .         Harm     .   r - +2 pair of gloves
MR       ++...                  (no boots)
Stlth    ..........             X - amulet of guardian spirit
HPRegen  0.28/turn              v - ring of protection from cold
MPRegen  0.17/turn              b - ring "Jeatzeh" {Fire rPois Str+7}

@: stab
A: antennae 1, wild magic 1
a: Minor Destruction, Lesser Servant of Makhleb, Major Destruction, Renounce
Religion


You were on level 13 of the Dungeon.
You worshipped Makhleb.
Makhleb was greatly pleased with you.
You were full.

You visited 3 branches of the dungeon, and saw 21 of its levels.

You collected 1128 gold pieces.

Inventory:

Hand Weapons
 e - a +0 hand crossbow of freezing
 k - a +4 hand axe of venom
 l - a +1 trident of flaming
 m - a +4 great sword
 I - a +2 flail of electrocution (weapon)
 M - a +2 vampiric dagger
 O - a +0 mace of protection
 Y - a +1 trident of venom
 Z - a +0 hand axe of draining
Missiles
 a - 13 boomerangs (quivered)
 h - 136 sling bullets
 p - 70 poisoned darts
 x - 126 bolts
 z - 2 curare-tipped darts
 F - 232 arrows
 R - a silver javelin
Armour
 i - +0 acid dragon scales
 r - a +2 pair of gloves (worn)
 t - a +2 cloak of poison resistance (worn)
 w - a +0 kite shield (worn)
 y - a +5 plate armour of magic resistance (worn)
 D - a +0 tower shield
 N - the +2 ring mail of Context {rC- Str+2 Dex+3}
   (You found it on level 6 of the Dungeon)

   It affects your strength (+2).
   It affects your dexterity (+3).
   It makes you vulnerable to cold.
 S - a +0 troll leather armour
 T - a scarf of resistance
Jewellery
 b - the ring "Jeatzeh" (right hand) {Fire rPois Str+7}
   (You found it on level 2 of the Lair of Beasts)

   [ring of fire]

   It enhances your fire magic.
   It affects your strength (+7).
   It protects you from fire.
   It makes you vulnerable to cold.
   It protects you from poison.
 v - a ring of protection from cold (left hand)
 G - an uncursed ring of poison resistance
 H - a cursed +6 ring of dexterity
 L - an uncursed ring of resist corrosion
 X - an amulet of guardian spirit (around neck)
Wands
 g - a wand of flame (5)
 j - a wand of polymorph (29)
 E - a wand of digging (7)
Scrolls
 c - 7 scrolls of teleportation
 C - 3 scrolls of remove curse
 K - a scroll of fog
 P - a scroll of amnesia
 U - a scroll of holy word
Potions
 d - 3 potions of brilliance
 o - a potion of stabbing
 q - 2 potions of ambrosia
 s - 9 potions of curing
 u - 4 potions of magic
Comestibles
 f - 16 rations


   Skills:
 * Level 9.9 Fighting
 - Level 2.3 Long Blades
 - Level 7.1(8.4) Axes
 * Level 7.0(8.4) Maces & Flails
 + Level 6.9 Throwing
 * Level 6.7 Armour
 + Level 5.0 Dodging
 - Level 8.4 Stealth
 + Level 6.4 Shields
 - Level 2.2 Spellcasting
   Level 2.0 Conjurations
   Level 1.0 Transmutations
 * Level 10.0 Invocations
 * Level 9.0 Evocations


You had 17 spell levels left.
You didn't know any spells.
Your spell library contained the following spells:

 Spells                   Type           Power        Failure   Level  Hunger
 Animate Skeleton         Necr           N/A          100%        1    ##.....
 Corona                   Hex            #......      100%        1    ##.....
 Pain                     Necr           #...         100%        1    ##.....
 Sting                    Tmut/Pois      #...         100%        1    ##.....
 Ensorcelled Hibernation  Hex/Ice        #.....       100%        2    ###....
 Poisonous Vapours        Pois/Air       #.....       100%        2    ###....
 Confusing Touch          Hex            #.......     100%        3    ####...
 Dazzling Flash           Conj/Hex       #.....       100%        3    ####...
 Ignite Poison            Fire/Tmut/Pois #.......     100%        3    ####...
 Mephitic Cloud           Conj/Pois/Air  #.......     100%        3    ####...
 Tukima's Dance           Hex            #.......     100%        3    ####...
 Vampiric Draining        Necr           #.........   100%        3    ####...
 Animate Dead             Necr           N/A          100%        4    #####..
 Olgreb's Toxic Radiance  Pois           #.......     100%        4    #####..
 Summon Lightning Spire   Summ/Air       #.......     100%        4    #####..
 Agony                    Necr           #.......     100%        5    ######.
 Silence                  Hex/Air        #.........   100%        5    ######.
 Conjure Ball Lightning   Conj/Air       #.........   100%        6    #######
 Tornado                  Air            #.........   100%        9    #######


Dungeon Overview and Level Annotations

Branches:
Dungeon (14/15)            Temple (0/1) D:6            Lair (6/6) D:10
  Swamp (1/4) Lair:4        Snake (0/4) Lair:3        Slime (0/5) Lair:5
    Orc (0/2) D:11
 Vaults: D:13-14

Altars:
Cheibriados
Elyvilon
Fedhas
Kikubaaqudgha
Makhleb
Qazlal
Sif Muna
Trog
Wu Jian
Xom
Yredelemnul
Zin
The Shining One
Beogh
Jiyva

Shops:
D:7 %

Portals:
Trove: D:10 (give +6 demon whip)

Annotations:
D:8 3 runed translucent doors, tkbsonic5's ghost, novice HuMo
D:13 Azrael
D:14 Agnes
Lair:2 1 runed translucent door, tkbsonic5's ghost, journeyman MiMo
Lair:3 3 runed translucent doors, KittyFluff's ghost, journeyman DrBe


Innate Abilities, Weirdness & Mutations

You have a pair of small antennae on your head.
Your spells are a little harder to cast, but a little more powerful.


Message History

Your neqoxec barely misses the fire elemental.
The fire elemental hits your neqoxec. The fire elemental burns your neqoxec!
Your neqoxec gestures.
Your shadow imp disappears in a puff of smoke!
Your iron imp disappears in a puff of smoke!
A demon appears!
You swap places.
The fire elemental barely misses your ynoxinul.
Your ynoxinul hits the fire elemental! The fire elemental hits your ynoxinul.
The fire elemental burns your ynoxinul!
Your ynoxinul gestures at the fire elemental.
The iron shot misses the fire elemental.
The fire elemental hits your ynoxinul. The fire elemental burns your ynoxinul!
The fire elemental hits your ynoxinul. The fire elemental burns your ynoxinul!
Your ynoxinul dies!
A demon appears!
The fire elemental barely misses your neqoxec.
Azrael gestures at you.
The sphere of damnation explodes!
The damnation engulfs you!!
You die...

.................##.##.#######
##
....<..#........###.##.######
# .......##......##
#...#.....# ....>..###....##
####.####.# ###...RE§○....#
#.####.### ########E####
#.....#..# ##########○#
######)#.###
...........######## #.#....
########..R☼E3..@.# #)#####
))).# #...######.# #.# ###.#
#...# #.# #.# #.# #...# #.#
#.# #.# #...# #.# #.# ##.#
#...### #.# #.# #..# #.....#
#.# #.# #)## #..##.# #.# #.#
#.# #..##.# #.# #.#


You could see Azrael, a fire elemental and a friendly neqoxec (summoned).

Vanquished Creatures
  Snorg (D:12)
  Josephine (D:12)
  2 hydras
  Erica (D:8)
  A tengu warrior (D:12)
  A two-headed ogre (D:13)
  Urug (Lair:3)
  9 elephants
  An ugly thing (D:12)
  A manticore (D:11)
  A salamander (Lair:4)
  2 black mambas
  4 spiny frogs
  Psyche (D:8)
  2 gargoyles
  3 komodo dragons
  3 polar bears
  A tengu conjurer (D:12)
  3 trolls
  A hornet (Lair:4)
  6 blink frogs
  A tyrant leech (Lair:4)
  Prince Ribbit (D:6)
  Grinder (D:4)
  A meliai zombie (D:13)
  4 dream sheep (Lair:5)
  8 hippogriffs
  A shapeshifter (D:12)
  3 orc warriors
  A spriggan (D:7)
  Sigmund (D:4)
  A shadow (D:13)
  16 yaks
  6 wraiths
  A fire elemental (D:13)
  A wyvern (Lair:4)
  A hog (Lair:3)
  A human (Lair:4)
  3 vampire mosquitoes
  2 basilisks
  Edmund (D:4)
  Menkaure (D:6)
  A soldier ant (D:11)
  4 wargs (D:11)
  2 hell hounds (D:13)
  Duvessa (D:7)
  18 water moccasins
  A phantom (D:6)
  An ice beast (D:11)
  3 black bears
  A sky beast (D:8)
  14 porcupines
  8 ogres
  8 centaurs
  19 wolves
  7 crocodiles
  3 big kobolds
  14 bullfrogs
  2 gnoll sergeants (D:9)
  4 scorpions
  31 killer bees
  5 wights
  A howler monkey (D:6)
  An electric eel (D:11)
  6 crimson imps
  2 quasits
  2 bullfrog zombies
  2 centaur zombies
  4 hounds
  7 jellies
  4 orc priests
  11 orc wizards
  Ijyb (D:3)
  3 iguanas
  6 worker ants
  A hound skeleton (D:9)
  A worker ant zombie (D:5)
  A howler monkey skeleton (D:6)
  9 adders
  5 gnolls (D:9)
  2 shadow imps (D:5)
  An ooze (D:3)
  2 adder skeletons
  An adder zombie (D:8)
  5 worms
  2 dart slugs
  4 leopard geckos
  34 orcs
  9 giant cockroaches
  9 goblins
  6 hobgoblins
  16 jackals
  3 quokkas
  5 bats
  3 frilled lizards
  17 kobolds
  10 rats
  2 fungi (Lair:3)
447 creatures vanquished.

Vanquished Creatures (collateral kills)
  A hydra (D:13)
  A death yak (Lair:5)
  A lindwurm (Lair:1)
  A centaur zombie (D:13)
  An elephant (Lair:4)
  A spiny frog (Lair:6)
  A yak (Lair:1)
  3 fire elementals (D:13)
  2 water moccasins
  A porcupine (Lair:3)
  A black bear (Lair:1)
  2 wolves (Lair:4)
  An ogre (D:10)
  3 electric eels
  An orc wizard (D:10)
  3 orcs (D:13)
24 creatures vanquished.

Vanquished Creatures (others)
  A queen bee (Lair:1)
  A hippogriff (Lair:1)
  A yak (Lair:1)
  A porcupine (Lair:1)
  10 fungi
  8 plants
22 creatures vanquished.

Grand Total: 493 creatures vanquished

Notes
Turn   | Place    | Note
-------+----------+-------------------------------------------
     0 | D:1      | tkbsonic5 the Human Wanderer began the quest for the Orb.
     0 | D:1      | tkbsonic5 set off with the following items: a +2 falchion,
                  | a +0 spear, a scroll of teleportation, a +0 robe, a +0
                  | dagger, a ration
     0 | D:1      | Reached XP level 1. HP: 16/16 MP: 1/1
   183 | D:1      | Reached XP level 2. HP: 12/22 MP: 2/2
   514 | D:1      | Reached skill level 1 in Spellcasting
   564 | D:1      | Reached XP level 3. HP: 28/28 MP: 4/4
  1166 | D:2      | Found a burning altar of Makhleb.
  1171 | D:2      | Became a worshipper of Makhleb the Destroyer
  1364 | D:2      | Found a blossoming altar of Fedhas.
  1367 | D:2      | Reached XP level 4. HP: 34/34 MP: 5/5
  1462 | D:2      | Reached skill level 1 in Axes
  1555 | D:2      | Found an ancient bone altar of Kikubaaqudgha.
  1916 | D:3      | Found an ornate altar of the Wu Jian Council.
  1917 | D:3      | Reached XP level 5. HP: 40/40 MP: 7/7
  2047 | D:3      | Noticed Ijyb
  2054 | D:3      | Killed Ijyb
  2531 | D:3      | Reached skill level 1 in Throwing
  2532 | D:3      | Reached * piety under Makhleb
  2705 | D:4      | Noticed a centaur
  2714 | D:4      | Killed a centaur
  2714 | D:4      | Reached XP level 6. HP: 18/47 MP: 8/8
  3028 | D:4      | Noticed Grinder
  3048 | D:4      | Killed Grinder
  3048 | D:4      | Reached skill level 1 in Invocations
  3048 | D:4      | Reached XP level 7. HP: 23/52 MP: 8/10
  3411 | D:4      | Noticed Edmund
  3440 | D:4      | Killed Edmund
  3440 | D:4      | Reached skill level 2 in Invocations
  3557 | D:4      | Found a shimmering blue altar of Sif Muna.
  3613 | D:4      | Reached skill level 1 in Maces & Flails
  3850 | D:4      | Noticed Sigmund
  3860 | D:4      | Killed Sigmund
  3860 | D:4      | Reached skill level 3 in Invocations
  3860 | D:4      | Reached XP level 8. HP: 60/60 MP: 11/11
  4446 | D:5      | Entered Level 5 of the Dungeon
  4733 | D:5      | Found a basalt altar of Yredelemnul.
  4793 | D:5      | Found a stormy altar of Qazlal.
  5022 | D:5      | Found a bloodstained altar of Trog.
  5496 | D:6      | Reached ** piety under Makhleb
  5496 | D:6      | Reached skill level 1 in Shields
  5711 | D:6      | Reached skill level 5 in Stealth
  5711 | D:6      | Reached skill level 4 in Invocations
  5834 | D:6      | Noticed Prince Ribbit
  5844 | D:6      | Killed Prince Ribbit
  5844 | D:6      | Reached XP level 9. HP: 67/67 MP: 12/12
  6058 | D:6      | Reached skill level 5 in Fighting
  6062 | D:6      | Got an emerald-encrusted ring mail
  6104 | D:6      | Found a staircase to the Ecumenical Temple.
  6170 | D:6      | Identified the +2 ring mail of Context {rC- Str+2 Dex+3}
                  | (You found it on level 6 of the Dungeon)
  6272 | D:6      | Noticed Menkaure
  6281 | D:6      | Killed Menkaure
  6476 | D:7      | Found Naas's Food Shop.
  6922 | D:7      | Found a glowing silver altar of Zin.
  6923 | D:7      | Found a white marble altar of Elyvilon.
  6930 | D:7      | Found a glowing golden altar of the Shining One.
  7175 | D:7      | Noticed Duvessa
  7175 | D:7      | Noticed Dowan
  7177 | D:7      | Noticed Dowan
  7177 | D:7      | Dowan changed into Dowan the porcupine
  7183 | D:7      | Killed Dowan the porcupine
  7237 | D:7      | Reached skill level 5 in Invocations
  7404 | D:7      | Killed Duvessa
  7566 | D:8      | Noticed Erica
  7575 | D:8      | Killed Erica
  7575 | D:8      | Reached skill level 5 in Axes
  7575 | D:8      | Reached XP level 10. HP: 76/76 MP: 12/14
  7610 | D:8      | Found a runed translucent gate.
  7614 | D:8      | Found a runed translucent gate.
  7614 | D:8      | Found a runed translucent gate.
  7614 | D:8      | Noticed tkbsonic5's ghost (novice HuMo)
  7637 | D:8      | Reached *** piety under Makhleb
  7672 | D:8      | Noticed Psyche
  7677 | D:8      | Killed Psyche
  7717 | D:8      | Reached skill level 6 in Invocations
  7888 | D:8      | Found a roughly hewn altar of Beogh.
  8570 | D:9      | Noticed a six-headed hydra
  8584 | D:9      | Reached skill level 5 in Evocations
  8614 | D:9      | Killed a six-headed hydra
  8614 | D:9      | Reached skill level 1 in Armour
  8614 | D:9      | Reached XP level 11. HP: 66/83 MP: 14/16
  8761 | D:9      | Reached skill level 1 in Dodging
  9085 | D:9      | Reached **** piety under Makhleb
  9430 | D:9      | Found a snail-covered altar of Cheibriados.
  9803 | D:10     | Entered Level 10 of the Dungeon
  9943 | D:10     | Reached skill level 7 in Invocations
 10049 | D:10     | Found a portal to a secret trove of treasure.
 10356 | D:10     | Found a staircase to the Lair.
 10588 | D:10     | Found a shimmering blue altar of Sif Muna.
 10676 | Lair:1   | Entered Level 1 of the Lair of Beasts
 11308 | Lair:1   | Gained mutation: Armour fits poorly on your strangely
                  | shaped body. [potion of mutation]
 11308 | Lair:1   | Lost mutation: Armour fits poorly on your strangely shaped
                  | body. [potion of mutation]
 11308 | Lair:1   | Gained mutation: You have a pair of small antennae on your
                  | head. [potion of mutation]
 11308 | Lair:1   | Gained mutation: Your spells are a little harder to cast,
                  | but a little more powerful. [potion of mutation]
 11381 | Lair:1   | Reached ***** piety under Makhleb
 11636 | Lair:1   | Noticed a lindwurm
 11636 | Lair:1   | a komodo dragon changed into a lindwurm
 11645 | Lair:1   | Killed a lindwurm
 12140 | Lair:1   | Reached skill level 5 in Throwing
 12359 | Lair:2   | Found a runed translucent door.
 12400 | Lair:2   | Reached XP level 12. HP: 49/92 MP: 8/17
 12729 | Lair:2   | Found a shimmering altar of Xom.
 12729 | Lair:2   | Noticed tkbsonic5's ghost (journeyman MiMo)
 12729 | Lair:2   | Noticed a +2 demon whip of chaos
 13723 | Lair:2   | Got a shimmering brass ring
 13732 | Lair:2   | Identified the ring "Jeatzeh" {Fire rPois Str+7} (You found
                  | it on level 2 of the Lair of Beasts)
 14141 | Lair:3   | Got a pitted bronze ring
 14143 | Lair:3   | Identified the cursed ring "Xex Goso" {rC+ EV-4 Dex+5} (You
                  | found it on level 3 of the Lair of Beasts)
 14158 | Lair:3   | Noticed Urug
 14209 | Lair:3   | Killed Urug
 14507 | Lair:3   | Reached skill level 5 in Shields
 14717 | Lair:3   | Found a runed translucent gate.
 14717 | Lair:3   | Found a runed translucent gate.
 14717 | Lair:3   | Found a runed translucent gate.
 14717 | Lair:3   | Noticed KittyFluff's ghost (journeyman DrBe)
 15088 | Lair:3   | Reached skill level 8 in Invocations
 15158 | Lair:3   | Found a staircase to the Snake Pit.
 16327 | Lair:4   | Reached XP level 13. HP: 93/99 MP: 16/19
 16555 | Lair:4   | Reached skill level 5 in Maces & Flails
 16936 | Lair:4   | Found a staircase to the Swamp.
 16937 | Lair:4   | You fall into a shaft and drop 2 floors!
 16937 | Lair:6   | Entered Level 6 of the Lair of Beasts
 17047 | Lair:6   | Noticed a four-headed hydra
 17361 | Lair:4   | Reached skill level 5 in Armour
 17794 | Lair:4   | Reached skill level 9 in Invocations
 18046 | Lair:5   | Found a viscous altar of Jiyva.
 18046 | Lair:5   | Found a staircase to the Slime Pits.
 18377 | Lair:5   | Killed a four-headed hydra
 18741 | Lair:5   | Noticed an Executioner
 19091 | D:11     | Found a staircase to the Orcish Mines.
 20516 | Swamp:1  | Entered Level 1 of the Swamp
 20834 | D:12     | Reached XP level 14. HP: 108/108 MP: 21/21
 20883 | D:12     | Noticed Snorg
 20914 | D:12     | Killed Snorg
 21199 | D:12     | Noticed Josephine
 21208 | D:12     | Killed Josephine
 22547 | D:13     | Reached skill level 5 in Dodging
 22547 | D:13     | Reached skill level 10 in Invocations
 22939 | D:14     | Noticed Agnes
 23319 | D:14     | Noticed Azrael
 23589 | D:13     | Killed from afar by Azrael

Illustrated notes

Levels and vault maps discovered:
D:1:      giann_forest_graveyard, layout_basic
D:2:      layout_loops_ring, bloody_makhleb, lemuel_round_altar, fedhas_altar_2
D:3:      layout_loops_cross, old_standard_altar, uniq_ijyb
D:4:      layout_basic, led_sif_pool, uniq_sigmund, uniq_grinder, uniq_edmund
D:5:      layout_loops_ring, nicolae_qazlal_eye_of_the_storm,
          lemuel_coloured_pillars_altar, yredelemnul_altar_generic, first_ration
D:6:      layout_basic, minmay_temple_entry_metal_lava, uniq_menkaure,
          uniq_prince_ribbit1
D:7:      layout_loops_corners, good_gods_temple_1, serial_shops,
          kennysheep_little_box, the_bakery, uniq_duvessa
D:8:      layout_basic, biasface_ghost_orc_armoury, uniq_erica, uniq_psyche
D:9:      kennysheep_blocky_room, layout_layer_cave,
          nicolae_overflow_hidden_temple, grunt_decor_resistance
D:10:     layout_gridville, lair_entry_dummy, basic_altar,
          trove_entry_hex_spiral
D:11:     layout_basic, minmay_orc_entry_guard_dogs, enter_bailey_8,
          serial_bayou_lake_a
D:12:     layout_loops_ring, uniq_snorg, uniq_josephine
D:13:     layout_loops_ring
D:14:     layout_roguey, hangedman_vaults_entry_quadrant_bands,
          elyvilon_altar_3, minmay_shop_mass, minmay_st_funbox, uniq_azrael,
          uniq_agnes, uniq_nessos
Lair:1:   layout_roguey [special_room_bee], gammafunk_lair_bear_cave
Lair:2:   layout_layer_cave, ebering_ghost_xom
Lair:3:   layout_cave_pods, minmay_snake_entry_six_corridors,
          gammafunk_ghost_necromancy, uniq_urug
Lair:4:   layout_regular_city, minmay_swamp_entry_worms,
          chequers_serial_rivers_large_b
Lair:5:   beast_lair_carwin_large_2, layout_regular_city,
          dpeg_slime_entry_enclosed_altar
Lair:6:   guppyfry_lair_end_dragon, layout_regular_city,
          hangedman_lair_tendril_chambers, lemuel_fruit_fields
Swamp:1:  layout_basic_swamp, evilmike_swamp_ruin_house_2, swamp_pool5

Skill      XL: |  1  2  3  4  5  6  7  8  9 10 11 12 13 14 |
---------------+-------------------------------------------+-----
Spellcasting   | 1 2 |  2.2
Axes           | 1 2 3 4 5 6 7 |  7.1
Stealth        | 3 4 5 6 7 8 |  8.4
Throwing       | 1 2 3 4 5 6 |  6.9
Fighting       | 3 4 5 6 7 8 9 |  9.9
Invocations    | 1 3 4 5 6 7 8 9 10 | 10.0
Maces & Flails | 1 2 4 6 7 |  7.0
Evocations     | 3 4 5 6 7 8 9 |  9.0
Shields        | 1 2 3 4 5 6 |  6.4
Armour         | 1 2 4 6 |  6.7
Dodging        | 2 3 4 5 |  5.0
Long Blades    | |  2.3
Conjurations   | |  2.0
Transmutations | |  1.0

Action                   |  1- 3 |  4- 6 |  7- 9 | 10-12 | 13-15 || total
-------------------------+-------+-------+-------+-------+-------++-------
Melee: Falchion          |    29 |       |     5 |       |       ||    34
       Hand axe          |    30 |    90 |   127 |   531 |   240 ||  1018
       Dire flail        |       |       |    17 |       |       ||    17
       Flail             |       |       |    58 |   130 |   287 ||   475
       War axe           |       |       |       |    81 |       ||    81
 Fire: Hand crossbow     |       |       |       |     3 |       ||     3
Throw: Dart              |       |     1 |    51 |   116 |    71 ||   239
       Boomerang         |       |       |    24 |    15 |    48 ||    87
       Javelin           |       |       |       |    27 |    19 ||    46
Invok: Minor Destruction |       |       |     4 |    32 |    12 ||    48
       Lesser Servant of |       |       |       |     4 |    12 ||    16
       Greater Servant o |       |       |       |     1 |     4 ||     5
       Major Destruction |       |       |       |       |    10 ||    10
Evoke: Wand              |       |       |    28 |    42 |    26 ||    96
  Use: Potion            |     1 |       |     7 |    11 |     8 ||    27
       Scroll            |       |       |    17 |    16 |    12 ||    45
 Stab: Sleeping          |     4 |     1 |     3 |     2 |       ||    10
       Paralysed         |       |       |    10 |    19 |       ||    29
       Betrayed ally     |       |       |       |     1 |       ||     1
       Distracted        |       |       |       |     2 |     1 ||     3
       Fleeing           |       |       |       |     1 |       ||     1
  Eat: Chunk             |     1 |     1 |     1 |     4 |     4 ||    11
       Ration            |       |     2 |     5 |     7 |     6 ||    20
Armor: Robe              |    13 |       |       |       |       ||    13
       Scale mail        |    15 |    34 |    44 |       |       ||    93
       Leather armour    |     1 |       |       |       |       ||     1
       Skin              |       |       |    18 |    37 |       ||    55
       Ring mail         |       |       |    39 |    62 |       ||   101
       Plate armour      |       |       |       |   401 |   494 ||   895
Dodge: Dodged            |    34 |    18 |    63 |   126 |   193 ||   434
Block: Kite shield       |       |    30 |    91 |   318 |   379 ||   818
       Tower shield      |       |       |       |   118 |       ||   118
       Rpst.: Falchion   |     8 |       |       |       |       ||     8
